 Dungeon Crawl Stone Soup version 0.22.1-2-g9c5b331 (webtiles) character file.

138 Lilu the Shooter (level 5, -11/30 HPs)
             Began as a Deep Elf Arcane Marksman on Nov 27, 2018.
             Mangled by an ogre
             ... wielding a +0 giant club
              (23 damage)
             ... on level 3 of the Dungeon.
             The game lasted 00:12:51 (3048 turns).

Lilu the Shooter (Deep Elf Arcane Marksman)         Turns: 3048, Time: 00:12:51

Health: -11/30     AC:  5    Str:  7    XL:     5   Next: 1%
Magic:  11/11      EV: 12    Int: 18    God:
Gold:   92         SH:  0    Dex: 16    Spells: 6/10 levels left

rFire    . . .     SeeInvis .   a - +0 shortbow
rCold    . . .     Gourm    .   (shield currently unavailable)
rNeg     . . .     Faith    .   o - +0 leather armour
rPois    .         Spirit   .   (no helmet)
rElec    .         Reflect  .   (no cloak)
rCorr    .         Harm     .   (no gloves)
MR       .....                  l - +1 pair of boots
Stlth    +.........             (no amulet)
HPRegen  0.10/turn              (no ring)
MPRegen  0.12/turn              (no ring)

@: no status effects
A: no striking features
a: no special abilities


You were on level 3 of the Dungeon.
You were not hungry.

You visited 1 branch of the dungeon, and saw 3 of its levels.

You collected 92 gold pieces.

Inventory:

Hand Weapons
 a - a +0 shortbow (weapon)
 t - a +0 short sword
Missiles
 d - 18 arrows (quivered)
 g - 73 stones
 n - 6 needles of confusion
 s - 17 sling bullets
Armour
 c - a +0 scale mail
 h - a +0 chain mail
 l - a +1 pair of boots (worn)
 o - a +0 leather armour (worn)
 u - a +0 ring mail
Scrolls
 b - a scroll of remove curse {unknown}
 i - a scroll of random uselessness {unknown}
 j - 2 scrolls of blinking {unknown}
 m - 3 scrolls of magic mapping {unknown}
 p - a scroll of immolation {unknown}
 r - a scroll of enchant weapon {unknown}
Potions
 e - a potion of invisibility {unknown}
 k - 3 potions of lignification {unknown}
Comestibles
 f - 7 rations
 q - 3 chunks of flesh


   Skills:
 + Level 1.8 Fighting
 * Level 4.6 Bows
 - Level 2.4 Dodging
 + Level 3.1 Spellcasting
 - Level 4.0 Hexes


You had 6 spell levels left.
You knew the following spells:

 Your Spells              Type           Power        Failure   Level  Hunger
a - Corona                Hex            ###....      4%          1    None
b - Portal Projectile     Hex/Tloc       ##....       32%         3    ###....

Your spell library contained the following spells:

 Spells                   Type           Power        Failure   Level  Hunger
 Slow                     Hex            ###.....     7%          2    ##.....
 Inner Flame              Hex/Fire       ##......     32%         3    ###....
 Cause Fear               Hex            ###.......   43%         4    ####...
 Leda's Liquefaction      Hex/Erth       ##........   71%         4    ####...


Dungeon Overview and Level Annotations

Branches:
Dungeon (3/15)

Altars:
Ru

Annotations:
D:2 1 runed door


Message History

The ogre is lightly wounded.
Firing (i - inventory. (/) - cycle)
d - 20 arrows (quivered)
Press: ? - help, Shift-Dir - straight line, f/p - ogre
Aim: an ogre, wielding a giant club (lightly wounded, softly glowing)
You shoot an arrow. The arrow completely misses the ogre.
Firing (i - inventory. (/) - cycle)
d - 19 arrows (quivered)
Press: ? - help, Shift-Dir - straight line, f/p - ogre
Aim: an ogre, wielding a giant club (lightly wounded, softly glowing)
You shoot an arrow. The arrow hits the ogre.
The ogre is lightly wounded.
The ogre hits you with a giant club!!
Ouch! That really hurt!
* * * LOW HITPOINT WARNING * * *
The ogre stops glowing.
There is an open door here.
Things that are here:
a dagger; a leather armour The ogre hits you with a giant club!!
Ouch! That really hurt!
You die...

#####.#.#######.###
#####.......# #
............#
#########.#####
..............+
.......#'###### ...
..........# #'#
..........# #.#
.......@..# #.#
........O.# #.####
..........#######....###
#######..)..............
####+#..............
#...................
#...................
#...................
####.#..............


You could see an ogre.

Vanquished Creatures
  Jessica (D:2)
  4 adders
  An ooze (D:3)
  4 dart slugs
  A leopard gecko (D:1)
  An orc (D:3)
  5 bats
  4 giant cockroaches
  8 goblins
  10 hobgoblins
  A quokka (D:2)
  A ball python (D:1)
  3 frilled lizards
  10 kobolds
  A quokka skeleton (D:2)
  6 rats
61 creatures vanquished.

Notes
Turn   | Place    | Note
-------+----------+-------------------------------------------
     0 | D:1      | Lilu the Deep Elf Arcane Marksman began the quest for the
                  | Orb.
     0 | D:1      | Reached XP level 1. HP: 11/11 MP: 5/5
    77 | D:1      | Reached XP level 2. HP: 3/16 MP: 6/6
   953 | D:1      | Reached XP level 3. HP: 20/20 MP: 7/7
  1024 | D:1      | Reached skill level 1 in Fighting
  1136 | D:1      | Learned a level 3 spell: Portal Projectile
  1723 | D:2      | Reached XP level 4. HP: 25/25 MP: 6/9
  1753 | D:2      | Found a runed door.
  1882 | D:2      | Noticed Jessica
  1891 | D:2      | Killed Jessica
  2208 | D:2      | Found a sacrificial altar of Ru.
  2936 | D:3      | Reached XP level 5. HP: 30/30 MP: 9/11
  3009 | D:3      | Noticed an ogre
  3048 | D:3      | Mangled by an ogre

Skill      XL: |  1  2  3  4 |
---------------+-------------+-----
Bows           | 3 4 |  4.6
Fighting       | 1 |  1.8
Spellcasting   | 2 3 |  3.1
Dodging        | |  2.4
Hexes          | |  4.0

Action                   |  1- 3 |  4- 6 || total
-------------------------+-------+-------++-------
 Fire: Shortbow          |   150 |    68 ||   218
 Cast: Corona            |    10 |    31 ||    41
       Portal Projectile |     2 |     1 ||     3
  Eat: Chunk             |     2 |     1 ||     3
       Ration            |       |     1 ||     1
Armor: Robe              |     3 |       ||     3
       Leather armour    |    11 |    12 ||    23
Dodge: Dodged            |    44 |    22 ||    66
